 Dungeon Crawl Stone Soup version 0.30-a0-341-g682706514a (webtiles) character file.

Game seed: 15480049579563400237

44 ytrimaz the Shield-Bearer (level 3, 0/29 HPs)
             Began as a Formicid Fighter on Nov 3, 2022.
             Slain by Terence
             ... wielding a +0 flail of holy wrath
              (5 damage)
             ... on level 2 of the Dungeon.
             The game lasted 00:01:23 (1001 turns).

ytrimaz the Shield-Bearer (Formicid Fighter)        Turns: 1001, Time: 00:01:23

Health: 0/29       AC:  9    Str: 22    XL:     3   Next: 87%
Magic:  3/3        EV:  9    Int:  7    God:
Gold:   70         SH:  5    Dex: 13    Spells: 2/2 levels left

rFire   . . .      SeeInvis +    a - +1 war axe (flame)
rCold   . . .      Faith    .    c - +0 buckler
rNeg    . . .      Spirit   .    b - +0 scale mail
rPois   .          Reflect  .    (helmet unavailable)
rElec   .          Harm     .    (no cloak)
rCorr   .          Rampage  .    f - +0 pair of gloves
Will    .....                    e - +0 pair of boots
Stlth   ..........               (no amulet)
HPRegen 0.24/turn                (no ring)
MPRegen 0.08/turn                (no ring)

@: mighty, brilliant
A: permanent stasis, dig shafts and tunnels, antennae 3, four strong arms
a: Dig, Shaft Self


You were on level 2 of the Dungeon.
You visited 1 branch of the dungeon, and saw 2 of its levels.

You collected 70 gold pieces.


Innate Abilities, Weirdness & Mutations

You cannot be hasted, slowed, berserked, paralysed or teleported.
You can dig through walls and to a lower floor.
You have a pair of large antennae on your head. (SInv)
Your four strong arms can wield two-handed weapons with a shield.


   Skills:
 - Level 3.2 Fighting
 + Level 3.9 Axes
 - Level 3.2 Armour
 - Level 4.0 Shields


You had 2 spell levels left.
You didn't know any spells.
Your spell library contained the following spells:

 Spells                   Type           Power      Damage    Failure   Level
 Manifold Assault         Tloc           0%         N/A       100%        4
 Storm Form               Tmut/Air       0%         N/A       100%        7
 Blink                    Tloc           Unusable   N/A       N/A         2

Inventory:

Hand Weapons
 a - a +1 war axe of flaming (weapon)
Armour
 b - a +0 scale mail (worn)
 c - a +0 buckler (worn)
 e - a +0 pair of boots (worn)
   (You found it on level 1 of the Dungeon)
 f - a +0 pair of gloves (worn)
   (You found it on level 1 of the Dungeon)
Jewellery
 k - a ring of fire
   (You found it on level 1 of the Dungeon)
Potions
 d - a potion of might
 h - a potion of attraction {unknown}
 j - 2 potions of brilliance

Dungeon Overview and Level Annotations

Branches:
Dungeon (2/15) Zot: 10976

Altars:

Annotations:
D:2 Terence

#.# #.####
#.# #.# #.#
#.# #.# #.#
####.# #.#
##.##.# #..
#.#.#†# ###
####..######
##....@@#
##...S.......
#.####.#..##?
#.. .....#
#... .......
#.##. .......
#. #. .....##
# #. .....#


You could see Terence and an adder.


Message History

a worm corpse; an adder corpse Unknown command.
No target in view!
Unknown command. 😎 HP[+1]
Your hp is fully restored (29).
You sense a monster nearby.
A frilled lizard comes into view.
The frilled lizard hisses angrily.
An adder comes into view.
Unknown command.
The adder hisses angrily.
You see here a scroll of teleportation.
You barely miss the frilled lizard.
The frilled lizard bites you but does no damage.
The frilled lizard completely misses you.
You closely miss the adder. You completely miss the frilled lizard.
The adder bites you but does no damage. The adder closely misses you.
The frilled lizard barely misses you.
You hit the adder. You burn the adder. You completely miss the frilled lizard.
The adder closely misses you.
The frilled lizard bites you but does no damage.
The adder bites you but does no damage.
You closely miss the adder. You closely miss the frilled lizard.
The adder bites you. You block the frilled lizard's attack.
You block the adder's attack.
The frilled lizard closely misses you. 😕 HP[-2]
You take 2 damage, and now have 27/29 hp.
You slash the adder! You burn the adder.
You kill the adder!
You hit the frilled lizard. You burn the frilled lizard.
You kill the frilled lizard!
No target in view!
No target in view!
No target in view!
No target in view!
No target in view!
No target in view!
You now have 70 gold pieces (gained 15).
You see here a +0 ring mail.
Key pressed, stopping explore.
A ball python comes into view. 😎 HP[+2]
Your hp is fully restored (29).
A ball python is nearby!
The ball python bites you but does no damage.
The ball python closely misses you. x3
You slash the ball python! You burn the ball python.
You kill the ball python!
No target in view!
No target in view!
No target in view!
No target in view!
No target in view!
You see here a ball python corpse.
Terence the Incautious comes into view.
He is wielding a +0 flail of holy wrath.
Terence shouts!
You hear an angry hiss.
An adder comes into view.
The adder hisses angrily.
Terence barely misses you.
You closely miss Terence. Terence barely misses you.
You hit Terence but do no damage.
Terence bares his teeth.
Terence hits you but does no damage. The adder bites you but does no damage.
You miss the adder. You closely miss Terence.
The adder bites you but does no damage.
Terence hits you with a +0 flail of holy wrath.
The adder closely misses you. 😕 HP[-1]
You take 1 damage, and now have 28/29 hp.
You miss the adder. You closely miss Terence.
Terence hits you with a +0 flail of holy wrath.
You block the adder's attack.
Terence hits you with a +0 flail of holy wrath! 😮 HP[-13]
You take 13 damage, and now have 15/29 hp.
MASSIVE DAMAGE!! (PAUSE) Unknown command.
You feel very mighty all of a sudden. The adder bites you but does no damage.
Terence hits you with a +0 flail of holy wrath.
* * * LOW HITPOINT WARNING * * *
The adder bites you.
* * * LOW HITPOINT WARNING * * *
😨 HP[-5]
You take 5 damage, and now have 10/29 hp.
Unknown command.
You closely miss Terence. You barely miss the adder. The adder bites you.
* * * LOW HITPOINT WARNING * * *
Terence hits you with a +0 flail of holy wrath.
* * * LOW HITPOINT WARNING * * *
Unknown command. 😱 HP[-5]
You take 5 damage, and now have 5/29 hp.
Unknown command.
It was a potion of brilliance.
You feel clever all of a sudden. You block the adder's attack.
Terence hits you with a +0 flail of holy wrath.
You die...

Skill      XL: |  1  2 |
---------------+-------+-----
Axes           | 3 |  3.9
Fighting       | |  3.2
Armour         | |  3.2
Shields        | |  4.0

Action                   || total
-------------------------++-------
Melee: War axe           ||    55
  Use: Scroll            ||     3
       Potion            ||     2
Armor: Scale mail        ||    30
Dodge: Dodged            ||    26
Block: Buckler           ||    20

Levels and vault maps discovered:
D:1:      minmay_arrival_open_corners, layout_loops_corners,
          shapermc_ecumenical_altar_mp_highgroup, serial_park_tiny_2
D:2:      layout_loops_ring, nrook_uturn, chequers_serial_rivers_micro_d,
          minmay_hexomino_p4, uniq_terence, uniq_natasha

Notes
Turn   | Place    | Note
-------+----------+-------------------------------------------
     0 | D:1      | ytrimaz the Formicid Fighter began the quest for the Orb.
     0 | D:1      | Reached XP level 1. HP: 18/18 MP: 1/1
     0 | D:1      | magus.rc [v1.9.6]
   209 | D:1      | Found a faded altar of an unknown god.
   213 | D:1      | Reached XP level 2. HP: 24/24 MP: 2/2
   342 | D:1      | You add the spells Manifold Assault and Storm Form to your
                  | library.
   458 | D:1      | You fall into a shaft and drop 1 floor!
   518 | D:1      | Reached skill level 3 in Axes
   923 | D:2      | Reached XP level 3. HP: 29/29 MP: 3/3
   991 | D:2      | Noticed Terence
  1000 | D:2      | HP: 5/29 [Terence/+0 flail of holy wrath (3)]
  1001 | D:2      | Slain by Terence

Vanquished Creatures
  2 adders (D:2)
  A worm (D:2)
  A bat (D:2)
  2 giant cockroaches (D:1)
  A goblin (D:1)
  2 hobgoblins (D:1)
  4 kobolds
  2 quokkas
  4 ball pythons
  3 frilled lizards
  2 rats (D:1)
24 creatures vanquished.

Table legend:
 A = Non-vault XP
 B = Vault XP
 C = Vault XP percentage of total XP
 D = Non-vault monster count
 E = Vault monster count
 F = Vault count percentage of total count
                 A         B        C        D         E       F
            +---------+---------+-------+---------+---------+-------
      Total |      43 |      21 |  32.8 |      20 |       4 |  16.7
            +---------+---------+-------+---------+---------+-------
        D:1 |      24 |       0 |   0.0 |      16 |       0 |   0.0
        D:2 |      19 |      21 |  52.5 |       4 |       4 |  50.0
            +---------+---------+-------+---------+---------+-------

Illustrated notes

Table legend:
 A = Kills in this place as a percentage of kills in entire the game.
 B = Kills by you in this place as a percentage of kills by you in the entire game.
 C = Kills by friends in this place as a percentage of kills by friends in the entire game.
 D = Other kills in this place as a percentage of other kills in the entire game.
 E = Experience gained in this place as a percentage of experience gained in the entire game.
 F = Experience gained in this place divided by the number of levels of this place that you have seen.
                   A       B       C       D       E      F
               +-------+-------+-------+-------+-------+----------------------
         Total | 100.0 | 100.0 |   N/A |   N/A | 100.0 |  32.0
       Dungeon | 100.0 | 100.0 |   N/A |   N/A | 100.0 |  32.0
               +-------+-------+-------+-------+-------+----------------------

Table legend: (Time is in decaauts)
 A = Elapsed time spent in this place.
 B = Non-inter-level travel time spent in this place.
 C = Inter-level travel time spent in this place.
 D = Time resting spent in this place.
 E = Time spent auto-exploring this place.
 F = Levels seen in this place.
 G = Mean time per level.
                   A        B        C        D        E       F      G
               +--------+--------+--------+--------+--------+-----+--------+
         Total |   1022 |   1002 |     20 |      0 |    779 |   2 |  511.0 |
       Dungeon |   1022 |   1002 |     20 |      0 |    779 |   2 |  511.0 |
               +--------+--------+--------+--------+--------+-----+--------+

Top non-repeatable levels by time:
     D:1: 877 daAuts
     D:2: 144 daAuts
